Map: Oxide LE

Players

TriGGeR

  • Race: Protoss Protoss
  • League: Grandmaster

Neeb - Winner!

  • Race: Protoss Protoss

Event: DreamHack SC2 Masters 2021 Summer

VOD

Have the link to the VOD?

Description

Time

  • Played on: May 25, 2021, 3:11 p.m.
  • Length: 9:14

All games in this series

Show
View Real Time Build Order
Export as new Build Order

TriGGeR Protoss 

Build Orders:  

Get SALT Encoding   

  12  0:00  Probe  
  13  0:12  Probe  
  14  0:19  Pylon  
  14  0:24  Probe  
  15  0:37  Probe (Chrono Boost), Gateway  
  16  0:46  Probe (Chrono Boost), Assimilator  
  17  0:51  Probe (Chrono Boost)  
  18  1:03  Probe (Chrono Boost)  
  19  1:04  Assimilator  
  19  1:06  Pylon  
  19  1:14  Probe (Chrono Boost)  
  20  1:18  Probe (Chrono Boost)  
  21  1:26  Zealot  
  21  1:29  Probe  
  24  1:36  Cybernetics Core  
  24  1:41  Probe  
  25  1:54  Probe  
  26  2:06  Nexus  
  26  2:13  Stalker (Chrono Boost)  
  26  2:22  Warp Gate  
  29  2:28  Stargate  
  28  2:31  Probe  
  29  2:42  Stalker  
  31  2:47  Pylon  
  31  2:57  Pylon  
  31  3:04  Void Ray (Chrono Boost)  
  31  3:17  Probe (Chrono Boost)  
  31  3:19  Probe (Chrono Boost)  
  37  3:26  Stalker  
  41  3:28  Probe (Chrono Boost)  
  41  3:29  Probe (Chrono Boost)  
  41  3:33  Probe (Chrono Boost)  
  41  3:38  Probe  
  43  3:45  Probe  
  48  3:50  Probe  
  49  3:57  Probe  
  49  4:02  Probe  
  47  4:03  Oracle  
  47  4:09  Probe  
  51  4:11  Nexus  
  51  4:14  Pylon  
  51  4:19  Probe, Pylon  
  52  4:25  Probe  
  53  4:31  Probe  
  53  4:33  Sentry  
  53  4:36  Twilight Council  
  53  4:37  Probe, Forge  
  57  4:42  Gateway  
  57  4:46  Probe  
  57  4:49  Probe  
  59  4:53  Gateway  
  59  4:55  Assimilator  
  59  4:58  Stalker  
  61  5:00  Probe  
  61  5:03  Probe  
  63  5:12  Probe  
  64  5:17  Probe  
  63  5:26  Probe (Chrono Boost)  
  60  5:28  Blink  
  60  5:29  Stalker  
  60  5:32  Probe (Chrono Boost)  
  60  5:34  Probe (Chrono Boost)  
  62  5:40  Stalker  
  62  5:41  Probe x2 (Chrono Boost), Shield Battery  
  67  5:44  Probe (Chrono Boost)  
  67  5:46  Probe (Chrono Boost)  
  67  5:48  Probe  
  67  5:49  Stalker  
  71  5:53  Probe, Robotics Facility  
  72  5:58  Probe  
  72  6:00  Probe  
  72  6:05  Stalker x2  
  68  6:13  Probe  
  68  6:15  Oracle (Chrono Boost)  
  69  6:20  Probe  
  69  6:25  Probe  
  70  6:29  Probe  
  70  6:32  Probe  
  70  6:37  Probe  
  69  6:47  Probe  
  69  6:49  Stalker x2  
  74  6:54  Pylon  
  74  6:57  Pylon  
  74  7:00  Photon Cannon, Pylon  
  74  7:02  Photon Cannon  
  74  7:05  Pylon  
  71  7:12  Probe x2  
  71  7:17  Probe, Immortal (Chrono Boost)  
  71  7:22  Photon Cannon, Assimilator x2  
  76  7:27  Probe x2 (Chrono Boost), Stalker  
  76  7:29  Probe (Chrono Boost)  
  81  7:36  Photon Cannon  
  83  7:40  Probe (Chrono Boost)  
  83  7:41  Probe x2 (Chrono Boost)  
  83  7:42  Photon Cannon  
  84  7:44  Probe (Chrono Boost)  
  84  7:47  Stalker  
  89  7:51  Probe x2 (Chrono Boost)  
  89  7:56  Probe (Chrono Boost), Shield Battery  
  90  7:59  Photon Cannon  
  90  8:05  Probe (Chrono Boost)  
  91  8:09  Stalker x2  
  91  8:11  Robotics Bay  
  91  8:12  Stalker  
  97  8:16  Pylon  
  97  8:30  Gateway  
  97  8:32  Gateway  
  97  8:33  Gateway, Pylon  
  97  8:35  Pylon  
  97  8:36  Observer (Chrono Boost)  
  98  8:42  Pylon  
  98  8:44  Pylon  
  98  8:46  Robotics Facility  
  96  8:52  Stalker x3  
  79  9:04  Shield Battery  
Show
View Real Time Build Order
Export as new Build Order

Neeb Protoss - Winner!

Build Orders: Phoenix Opening, Blink Stalkers 

Get SALT Encoding   

  12  0:00  Probe  
  13  0:12  Probe  
  14  0:19  Pylon  
  14  0:24  Probe  
  15  0:37  Probe (Chrono Boost)  
  15  0:38  Gateway  
  16  0:46  Probe (Chrono Boost), Assimilator  
  17  0:51  Probe (Chrono Boost)  
  17  0:56  Assimilator  
  18  1:03  Probe (Chrono Boost)  
  19  1:05  Pylon  
  19  1:13  Probe (Chrono Boost)  
  19  1:18  Probe (Chrono Boost)  
  20  1:25  Cybernetics Core  
  21  1:30  Probe  
  24  1:42  Probe  
  23  1:57  Nexus  
  23  2:00  Warp Gate (Chrono Boost)  
  23  2:06  Stalker (Chrono Boost)  
  25  2:10  Probe  
  26  2:18  Pylon  
  26  2:22  Probe  
  27  2:34  Probe, Sentry (Chrono Boost)  
  30  2:40  Shield Battery  
  29  2:46  Probe  
  29  2:48  Gateway  
  30  2:53  Sentry  
  30  2:58  Probe  
  33  3:00  Twilight Council, Phoenix  
  33  3:09  Probe (Chrono Boost)  
  35  3:13  Shield Battery  
  35  3:16  Probe (Chrono Boost)  
  35  3:19  Probe (Chrono Boost)  
  36  3:23  Probe (Chrono Boost)  
  36  3:24  Probe (Chrono Boost)  
  38  3:34  Probe, Blink (Chrono Boost)  
  38  3:35  Probe  
  40  3:46  Probe  
  40  3:47  Probe  
  42  3:49  Stalker x2  
  46  3:56  Pylon  
  46  3:58  Probe  
  46  4:00  Probe  
  48  4:06  Forge  
  48  4:11  Probe  
  48  4:15  Dark Shrine  
  48  4:16  Probe  
  50  4:18  Assimilator  
  50  4:23  Probe  
  49  4:24  Stalker  
  49  4:27  Stalker  
  49  4:29  Probe  
  54  4:36  Probe  
  54  4:37  Pylon  
  55  4:41  Protoss Ground Weapons Level 1  
  55  4:43  Probe  
  56  4:50  Nexus  
  56  4:57  Stalker  
  56  4:59  Stalker  
  60  5:01  Probe  
  60  5:04  Probe  
  60  5:05  Pylon  
  62  5:13  Gateway  
  62  5:16  Probe  
  62  5:21  Probe  
  62  5:26  Dark Templar  
  60  5:29  Probe  
  60  5:32  Dark Templar  
  60  5:33  Probe  
  64  5:36  Photon Cannon  
  64  5:38  Pylon  
  64  5:41  Probe  
  65  5:46  Probe, Gateway  
  65  5:47  Robotics Facility  
  66  5:53  Probe  
  67  5:59  Probe  
  68  6:05  Probe  
  68  6:08  Stalker x2  
  68  6:09  Probe  
  68  6:11  Probe  
  75  6:18  Probe  
  76  6:20  Stalker  
  76  6:21  Shield Battery  
  76  6:22  Probe  
  76  6:23  Gateway  
  79  6:29  Probe  
  79  6:30  Probe  
  81  6:35  Probe  
  81  6:38  Stalker x2  
  86  6:41  Probe  
  86  6:43  Observer, Assimilator x2  
  88  6:50  Protoss Ground Weapons Level 2 (Chrono Boost)  
  84  7:06  Charge (Chrono Boost), Zealot x4  
  92  7:10  Probe x2  
  94  7:18  Gateway  
  94  7:21  Gateway  
  94  7:23  Gateway  
  94  7:26  Nexus  
  94  7:28  Pylon, Stalker x2  
  94  7:29  Stalker  
  100  7:34  Pylon  
  100  7:35  Pylon  
  100  7:38  Warp Prism  
  100  7:45  Gateway  
  100  7:47  Gateway  
  100  7:48  Zealot  
  100  7:49  Pylon, Zealot  
  106  7:54  Zealot x3  
  112  8:09  Photon Cannon  
  112  8:12  Pylon  
  112  8:15  Dark Templar x4  
  112  8:16  Zealot x3  
  112  8:17  Observer  
  127  8:20  Archon x2  
  127  8:30  Photon Cannon  
  127  8:33  Pylon  
  127  8:41  Stalker x6  
  137  8:59  Stalker x4  
  139  9:09  Stalker x6  
Tags
 
Add a new tag
Caveats
  • Supply blocks, unpowered buildings, or Contaminate may cause inaccurate times.
  • Supply counts are checked every 10 seconds.